 Dungeon Crawl Stone Soup version 0.25.1-2-g60ff931df9 (webtiles) character file.

Game seed: 7317552186877581383

319 H0rd4k the Magician (level 6, -5/32 HPs)
             Began as a Deep Elf Wizard on Oct 22, 2020.
             Slain by an iguana (11 damage)
             ... on level 4 of the Dungeon.
             The game lasted 00:07:17 (4738 turns).

H0rd4k the Magician (Deep Elf Wizard)               Turns: 4738, Time: 00:07:18

Health: -5/32      AC:  2    Str:  4    XL:     6   Next: 21%
Magic:  17/27      EV: 13    Int: 25    God:
Gold:   164        SH:  0    Dex: 13    Spells: 10/19 levels left

rFire    . . .     SeeInvis .   (no weapon)
rCold    . . .     Gourm    .   (no shield)
rNeg     . . .     Faith    .   a - +0 robe
rPois    .         Spirit   .   b - +0 hat
rElec    .         Reflect  .   (no cloak)
rCorr    .         Harm     .   (no gloves)
MR       .....                  (no boots)
Stlth    ++........             (no amulet)
HPRegen  0.10/turn              q - ring of magical power
MPRegen  0.20/turn              (no ring)

@: very slightly contaminated
A: no striking features
a: no special abilities


You were on level 4 of the Dungeon.
You were not hungry.

You visited 1 branch of the dungeon, and saw 4 of its levels.

You collected 164 gold pieces.

Inventory:

Armour
 a - a +0 robe (worn)
 b - a +0 hat (worn)
Jewellery
 q - a ring of magical power (left hand)
Scrolls
 c - 7 scrolls of remove curse {unknown}
 f - 4 scrolls of identify {unknown}
 h - 2 scrolls of fog {unknown}
 m - 3 scrolls of teleportation {unknown}
 p - a scroll of immolation {unknown}
 u - a scroll of enchant armour {unknown}
 v - a scroll of amnesia {unknown}
Potions
 e - 2 potions of invisibility {unknown}
 g - a potion of degeneration {unknown}
 i - a potion of haste
 j - a potion of stabbing {unknown}
 k - 2 potions of heal wounds {unknown}
 l - 4 potions of curing {unknown}
 n - a potion of lignification {unknown}
 o - a potion of flight {unknown}
 r - a potion of ambrosia {unknown}
 t - a potion of magic {unknown}
Comestibles
 d - 10 rations
 s - 9 chunks of flesh


   Skills:
 + Level 3.0 Dodging
 + Level 3.2 Stealth
 + Level 7.2 Spellcasting
 + Level 3.1 Conjurations
   Level 1.1 Summonings
 + Level 1.1 Translocations
 * Level 1.4 Fire Magic
 + Level 1.2 Air Magic
 * Level 1.5 Poison Magic


You had 10 spell levels left.
You knew the following spells:

 Your Spells              Type           Power        Failure   Level  Hunger
a - Magic Dart            Conj           ###.         1%          1    None
b - Blink                 Tloc           N/A          6%          2    None
c - Conjure Flame         Conj/Fire      ###.....     8%          3    None
d - Mephitic Cloud        Conj/Pois/Air  ###.....     9%          3    None

Your spell library contained the following spells:

 Spells                   Type           Power        Failure   Level  Hunger
 Call Imp                 Summ           ##......     6%          2    None
 Slow                     Hex            #.......     10%         2    None
 Gell's Gravitas          Tloc           ##........   13%         3    None
 Confusing Touch          Hex            #.......     21%         3    None
 Petrify                  Tmut/Erth      #.......     54%         4    ###....
 Metabolic Englaciation   Hex/Ice        #.........   88%         5    #####..
 Yara's Violent Unravell  Hex/Tmut       #.........   88%         5    #####..


Dungeon Overview and Level Annotations

Branches:
Dungeon (4/15)
 Temple: D:4-7

Altars:
Fedhas
Zin

Shops:
D:4 :

Annotations:
D:1 exclusion: downstairs
D:2 exclusion: iguana, Sigmund, Terence
D:3 exclusion: downstairs
D:4 1 transporter


Message History

The iguana is heavily wounded.
The iguana misses you.
Casting: Magic Dart (safe; 1% risk of failure)
Confirm with . or Enter, or press ? or * to list all spells.
Aiming: Magic Dart (safe; 1% risk of failure)
Press: ? - help, Shift-Dir - straight line, f/p - iguana
Aim: an iguana (heavily wounded)
The magic dart hits the iguana.
The iguana is almost dead.
The iguana bites you!
* * * LOW HITPOINT WARNING * * *
Casting: Magic Dart (safe; 1% risk of failure)
Confirm with . or Enter, or press ? or * to list all spells.
Aiming: Magic Dart (safe; 1% risk of failure)
Press: ? - help, Shift-Dir - straight line, f/p - iguana
Aim: an iguana (almost dead)
You miscast Magic Dart.
You are very lightly contaminated with residual magic.
Nothing appears to happen.
The iguana bites you!
You die...

## ##. # .. #.#.
#..### #..r# #.†#l#
.....#@# #.#....#.#
.# .....##.# ..####.
##.#.# #.# #........
#.#. #.#####..######
# #.
#........#8P#≈≈≈
####..#..#..#..P
#....©#©/+..≈
#.######.....#..#..P


You could see an iguana and a quokka.

Vanquished Creatures
  A phantom (D:4)
  2 hounds (D:4)
  An orc wizard (D:3)
  A hound zombie (D:3)
  3 gnolls (D:4)
  2 adders (D:2)
  An ooze (D:1)
  4 worms
  3 dart slugs
  4 leopard geckos
  4 orcs (D:3)
  9 bats
  A giant cockroach (D:3)
  4 goblins
  6 hobgoblins
  11 kobolds
  2 quokkas
  5 frilled lizards
  A quokka skeleton (D:4)
  3 rats
68 creatures vanquished.

Notes
Turn   | Place    | Note
-------+----------+-------------------------------------------
     0 | D:1      | H0rd4k the Deep Elf Wizard began the quest for the Orb.
     0 | D:1      | Reached XP level 1. HP: 10/10 MP: 7/7
   265 | D:1      | Reached XP level 2. HP: 10/15 MP: 0/9
   437 | D:1      | Reached skill level 5 in Spellcasting
  1380 | D:2      | Reached XP level 3. HP: 14/19 MP: 0/11
  1387 | D:2      | Learned a level 2 spell: Blink
  1391 | D:2      | Learned a level 3 spell: Conjure Flame
  1395 | D:2      | Learned a level 3 spell: Mephitic Cloud
  1745 | D:2      | Noticed Terence
  2284 | D:2      | Noticed Sigmund
  2483 | D:2      | Reached XP level 4. HP: 24/24 MP: 9/13
  2969 | D:2      | Found a blossoming altar of Fedhas.
  3257 | D:3      | Found a glowing silver altar of Zin.
  3523 | D:3      | Reached skill level 1 in Air Magic
  3790 | D:3      | Reached skill level 6 in Spellcasting
  3897 | D:3      | Reached XP level 5. HP: 28/28 MP: 15/15
  4262 | D:4      | Noticed a phantom
  4309 | D:4      | Killed a phantom
  4309 | D:4      | Reached skill level 1 in Fire Magic
  4309 | D:4      | Reached skill level 1 in Poison Magic
  4482 | D:4      | Found Bifuhem's Book Shop.
  4588 | D:4      | Reached skill level 7 in Spellcasting
  4588 | D:4      | Reached XP level 6. HP: 32/32 MP: 18/18
  4703 | D:4      | Found a transporter.
  4738 | D:4      | Slain by an iguana

Illustrated notes

Levels and vault maps discovered:
D:1:      heliophobic_arrival_dark_side_of_the_moon, layout_loops_ring,
          minivault_4, roderic_roman_lattice
D:2:      layout_loops_ring, first_ration, fedhas_altar_4, uniq_terence,
          uniq_crazy_yiuf_cottage, uniq_sigmund
D:3:      layout_basic, lemuel_crystal_altar
D:4:      gammafunk_steamed_eel, layout_loops_ring, serial_shops,
          nicolae_shop_statue_plus, chequers_arboretum,
          chequers_serial_rivers_marsh, dk_vineyard_1, uniq_grinder

Skill      XL: |  1  2  3  4  5  6 |
---------------+-------------------+-----
Spellcasting   | 5 6 7 |  7.2
Stealth        | 3 |  3.2
Conjurations   | 2 3 |  3.1
Air Magic      | 1 |  1.2
Dodging        | 3 |  3.0
Fire Magic     | 1 |  1.4
Poison Magic   | 1 |  1.5
Summonings     | |  1.1
Translocations | |  1.1

Action                   |  1- 3 |  4- 6 || total
-------------------------+-------+-------++-------
 Cast: Magic Dart        |   122 |   124 ||   246
       Conjure Flame     |       |     3 ||     3
  Eat: Chunk             |     4 |     7 ||    11
Armor: Robe              |     2 |     1 ||     3
Dodge: Dodged            |    13 |    19 ||    32
